 Dungeon Crawl Stone Soup version 0.29-a0-356-g7bc237e783 (webtiles) character file.

Game seed: 11346966700316181569

3829 NinjaNoafa the Quickloader (level 10, -1/77 HPs)
             Began as a Gnoll Hunter on Apr 26, 2022.
             Was an Initiate of Ru.
             Killed from afar by an electric eel (6 damage)
             ... with a bolt of electricity
             ... on level 8 of the Dungeon.
             The game lasted 00:19:49 (9516 turns).

NinjaNoafa the Quickloader (Gnoll Hunter)           Turns: 9516, Time: 00:19:49

Health: -1/77      AC:  7    Str: 10      XL:     10   Next: 17%
Magic:  15/15      EV: 32    Int: 13      God:    Ru [......]
Gold:   352        SH:  0    Dex: 22 (25) Spells: 11/19 levels left

rFire   + . .      SeeInvis .   h - +2 dagger (drain)
rCold   . . .      Faith    .   (no shield)
rNeg    . . .      Spirit   .   K - +0 robe "Damop" {rF+ Int+3 Slay-3}
rPois   +          Reflect  .   d - +0 helmet
rElec   .          Harm     .   s - +1 cloak {rPois}
rCorr   +          Rampage  .   i - +0 pair of gloves
Will    .....                   (no boots)
Stlth   ..........              O - amulet of the acrobat
HPRegen 0.22/turn               u - ring of resist corrosion
MPRegen 0.14/turn               f - +6 ring of dexterity

@: about to teleport, acrobatic, slowed, very slow
A: fangs 1, no stealth, strong nose, distributed training, low MP 1
a: Renounce Religion


You were on level 8 of the Dungeon.
You worshipped Ru.
Ru was noncommittal.
You visited 2 branches of the dungeon, and saw 9 of its levels.
You also visited: Sewer and Ossuary.

You collected 352 gold pieces.

Inventory:

Hand Weapons
 a - a +5 hand crossbow
 h - a +2 dagger of draining (weapon)
 q - a +4 quarterstaff of chaos
 I - a +3 short sword
Missiles
 l - 5 poisoned darts
 r - 3 atropa-tipped darts
 J - 9 boomerangs
 M - a curare-tipped dart
Armour
 d - a +0 helmet (worn)
 i - a +0 pair of gloves (worn)
 s - a +1 cloak of poison resistance (worn)
 K - the +0 robe "Damop" (worn) {rF+ Int+3 Slay-3}
   (You found it on level 7 of the Dungeon)

   Int:       It affects your intelligence (+3).
   Slay:      It affects your accuracy & damage with ranged weapons and melee
   (-3).
   rF:        It protects you from fire.
Jewellery
 f - a +6 ring of dexterity (right hand)
 u - a ring of resist corrosion (left hand)
 x - a ring of ice
 B - a ring of fire
 O - an amulet of the acrobat (around neck)
Wands
 k - a wand of flame (9)
 t - a wand of iceblast (9)
 D - a wand of charming (11)
Scrolls
 c - 2 scrolls of immolation
 e - a scroll of vulnerability
 m - a scroll of noise
 n - 2 scrolls of fog
 y - a scroll of identify
 A - 2 scrolls of teleportation
 C - 3 scrolls of magic mapping
 E - a scroll of fear
 F - 2 scrolls of amnesia
 G - a scroll of summoning
 H - 3 scrolls of enchant armour
Potions
 b - a potion of might
 g - 2 potions of magic
 o - a potion of haste
 p - a potion of brilliance
 v - a potion of attraction
 w - a potion of flight
 z - a potion of lignification
 L - a potion of curing
Miscellaneous
 j - a box of beasts (inert)


   Skills:
 + Level 6.9 Fighting
 + Level 5.0 Short Blades
 + Level 5.0 Long Blades
 + Level 5.0 Axes
 + Level 5.0 Maces & Flails
 + Level 5.0 Polearms
 + Level 5.0 Staves
 + Level 5.0 Slings
 + Level 5.0 Bows
 + Level 9.9 Crossbows
 + Level 5.0 Throwing
 + Level 5.0 Armour
 + Level 6.9 Dodging
   Level 0.0 Stealth
 + Level 5.0 Shields
 + Level 5.0 Unarmed Combat
 + Level 5.0 Spellcasting
 + Level 4.1 Conjurations
 + Level 4.1 Hexes
 + Level 4.1 Summonings
 + Level 4.1 Necromancy
 + Level 4.1 Translocations
 + Level 4.1 Transmutations
 + Level 4.1 Fire Magic
 + Level 4.1 Ice Magic
 + Level 4.1 Air Magic
 + Level 4.1 Earth Magic
 + Level 4.1 Poison Magic
 + Level 5.5 Invocations
 + Level 5.0 Evocations


You had 11 spell levels left.
You knew the following spells:

 Your Spells              Type           Power      Damage    Failure   Level
a - Sting                 Tmut/Pois      56%        1d5       3%          1
b - Apportation           Tloc           28%        N/A       3%          1
c - Blink                 Tloc           28%        N/A       4%          2
d - Poisonous Vapours     Pois/Air       28%        N/A       4%          2
e - Sublimation of Blood  Necr           14%        N/A       4%          2

Your spell library contained the following spells:

 Spells                   Type           Power      Damage    Failure   Level
 Call Canine Familiar     Summ           14%        N/A       10%         3
 Conjure Flame            Conj/Fire      14%        6-21      10%         3
 Ignite Poison            Fire/Tmut/Pois 14%        N/A       10%         3
 Lesser Beckoning         Tloc           14%        N/A       10%         3
 Portal Projectile        Hex/Tloc       28%        N/A       10%         3
 Airstrike                Air            7%         N/A       32%         4
 Leda's Liquefaction      Hex/Erth       7%         N/A       32%         4
 Olgreb's Toxic Radiance  Pois           14%        N/A       32%         4
 Petrify                  Tmut/Erth      14%        N/A       32%         4
 Sticky Flame             Conj/Fire      14%        2d4       32%         4
 Summon Lightning Spire   Summ/Air       14%        N/A       32%         4
 Alistair's Intoxication  Tmut/Pois      9%         N/A       67%         5
 Irradiate                Conj/Tmut      7%         3d15      67%         5
 Lightning Bolt           Conj/Air       7%         1d19      67%         5
 Manifold Assault         Tloc           14%        N/A       67%         5


Dungeon Overview and Level Annotations

Branches:
Dungeon (8/15)             Temple (1/1) D:6           Sewer (visited)
Ossuary (visited)
   Lair: D:8-11

Altars:
Ashenzari
Cheibriados
Dithmenos
Elyvilon
Fedhas
Gozag
Hepliaklqana
Kikubaaqudgha
Makhleb
Nemelex Xobeh
Okawaru
Qazlal
Ru
Sif Muna
Trog
Uskayaw
Vehumet
Wu Jian
Xom
Yredelemnul
Zin
The Shining One

Shops:
D:6 *[(


Innate Abilities, Weirdness & Mutations

You have very sharp teeth.
You cannot be stealthy.
Your uncanny sense of smell can sniff out nearby items.
Your experience applies equally to all skills.
Your magical capacity is low. (-10% MP)


Message History

Something tries to affect you, but you resist.
The electric eel shoots out a bolt of lightning at you!
The bolt of electricity misses you. The bolt of electricity hits you!
The orc priest invokes the aid of Beogh against you.
Beogh smites you!
It was a potion of heal wounds.
You feel much better.
A nearby plant withers and dies.
The orc throws a boomerang.
The boomerang misses you. Something hits you but does no damage.
The white imp gestures at you. The puff of frost misses you.
As you read the scroll of identify, it crumbles to dust.
G - a scroll of summoning Something hits you but does no damage.
The white imp barely misses you. The wraith hits you!
The wraith drains your vigour!
You feel yourself slow down. The orc priest barely misses you.
As you read the scroll of identify, it crumbles to dust.
H - 3 scrolls of enchant armour Something hits you.
The white imp closely misses you. The wraith hits you.
The wraith drains your vigour!
You feel as though you will be slow longer.
The electric eel shoots out a bolt of lightning at you!
The bolt of electricity misses you. The bolt of electricity hits you!
The orc priest closely misses you. Something hits you but does no damage.
As you read the scroll of teleportation, it crumbles to dust.
You feel strangely unstable. The white imp misses you.
The wraith closely misses you. The orc priest closely misses you.
The orc throws a boomerang.
The boomerang misses you. The white imp completely misses you.
The wraith hits you!
* * * LOW HITPOINT WARNING * * *
The electric eel shoots out a bolt of lightning at you!
The bolt of electricity hits you.
* * * LOW HITPOINT WARNING * * *
The bolt of electricity hits something!
Reactivating autopickup.
You feel a bit more experienced. The bolt of electricity hits you!
* * * LOW HITPOINT WARNING * * *
The orc priest misses you.
The electric eel shoots out a bolt of lightning at you!
The bolt of electricity hits you.
You die...

#.###.###.....#
###
#.......#.....#
#.......#.....#
##......#.....#
#......[.#####
########.###
#...##
♣♣######....##
≈P≈P≈≈≈5.@...#
≈≈≈≈≈P≈S.).#.#
≈≈≈≈≈≈≈Woo.#.#
≈≈≈≈)P≈....# #
≈≈≈≈≈≈≈....#
≈≈≈PP≈.....#
≈≈≈≈≈≈≈....#
≈≈≈≈≈PP....#
≈≈P≈≈P≈P...#


You could see a wraith, an electric eel, an orc priest, a white imp and an orc.

Vanquished Creatures
  Pikel (D:7)
  A wyvern (D:7)
  2 water moccasins
  5 black bears
  A sky beast (D:7)
  2 centaurs
  3 phantoms
  2 elf zombies (Ossuary)
  A kobold brigand (D:8)
  3 scorpions
  4 bullfrogs
  2 necrophages
  5 wights (D:8)
  An electric eel (D:8)
  A howler monkey (D:6)
  A human zombie (Ossuary)
  Crazy Yiuf (D:2)
  4 hounds
  2 orc priests
  4 jellies
  A gnoll shaman (D:7)
  4 iguanas
  2 orc wizards (D:8)
  2 mummies (Ossuary)
  9 adders
  5 gnolls
  2 river rats (Sewer)
  A shadow imp (D:6)
  2 worms
  2 dart slugs
  36 orcs
  7 bats
  7 endoplasms
  4 giant cockroaches
  6 goblins
  7 hobgoblins
  6 jackals
  5 quokkas
  16 ball pythons
  4 frilled lizards (Sewer)
  2 goblin zombies (Ossuary)
  8 hobgoblin zombies (Ossuary)
  A jackal zombie (Ossuary)
  14 kobolds
  8 kobold zombies (Ossuary)
  6 orc zombies (Ossuary)
  36 rats
  3 rat zombies (Ossuary)
252 creatures vanquished.

Vanquished Creatures (collateral kills)
  An orc priest (D:8)
  2 orcs (D:8)
3 creatures vanquished.

Vanquished Creatures (others)
  2 orc wizards (D:8)
  3 plants (D:8)
  2 withered plants (D:1)
7 creatures vanquished.

Grand Total: 262 creatures vanquished

Notes
Turn   | Place    | Note
-------+----------+-------------------------------------------
     0 | D:1      | NinjaNoafa the Gnoll Hunter began the quest for the Orb.
     0 | D:1      | Reached XP level 1. HP: 20/20 MP: 1/1
   121 | D:1      | Reached XP level 2. HP: 26/26 MP: 2/2
   225 | D:1      | Found a faded altar of an unknown god.
   499 | D:1      | Reached XP level 3. HP: 30/30 MP: 3/3
   949 | D:1      | Reached skill level 1 in Invocations
  1171 | D:2      | You fall into a shaft and drop 2 floors!
  1180 | D:4      | Reached skill level 1 in Short Blades
  1180 | D:4      | Reached skill level 1 in Long Blades
  1180 | D:4      | Reached skill level 1 in Axes
  1180 | D:4      | Reached skill level 1 in Maces & Flails
  1180 | D:4      | Reached skill level 1 in Polearms
  1180 | D:4      | Reached skill level 1 in Staves
  1180 | D:4      | Reached skill level 1 in Slings
  1180 | D:4      | Reached skill level 1 in Bows
  1180 | D:4      | Reached skill level 1 in Throwing
  1180 | D:4      | Reached skill level 1 in Armour
  1180 | D:4      | Reached skill level 1 in Shields
  1180 | D:4      | Reached skill level 1 in Unarmed Combat
  1180 | D:4      | Reached skill level 1 in Spellcasting
  1180 | D:4      | Reached skill level 1 in Evocations
  1218 | D:3      | Reached XP level 4. HP: 27/38 MP: 5/5
  1413 | D:3      | Gained mutation: Your natural rate of healing is unusually
                  | fast. [potion of mutation]
  1413 | D:3      | Gained mutation: Your magical capacity is low. (-10% MP)
                  | [potion of mutation]
  1413 | D:3      | Lost mutation: Your natural rate of healing is unusually
                  | fast. [potion of mutation]
  1561 | D:3      | Found a glowing drain.
  1565 | Sewer    | Entered a sewer
  1623 | Sewer    | Reached skill level 1 in Conjurations
  1623 | Sewer    | Reached skill level 1 in Hexes
  1623 | Sewer    | Reached skill level 1 in Summonings
  1623 | Sewer    | Reached skill level 1 in Necromancy
  1623 | Sewer    | Reached skill level 1 in Translocations
  1623 | Sewer    | Reached skill level 1 in Transmutations
  1623 | Sewer    | Reached skill level 1 in Fire Magic
  1623 | Sewer    | Reached skill level 1 in Ice Magic
  1623 | Sewer    | Reached skill level 1 in Air Magic
  1623 | Sewer    | Reached skill level 1 in Earth Magic
  1623 | Sewer    | Reached skill level 1 in Poison Magic
  1829 | Sewer    | Reached XP level 5. HP: 43/43 MP: 6/6
  2040 | Sewer    | Reached XP level 6. HP: 50/50 MP: 7/7
  2048 | Sewer    | Reached skill level 5 in Fighting
  2048 | Sewer    | Reached skill level 5 in Dodging
  2581 | D:2      | Found a runed translucent door.
  2582 | D:2      | Noticed Crazy Yiuf
  3179 | D:2      | Killed Crazy Yiuf
  3355 | D:4      | Reached XP level 7. HP: 56/56 MP: 9/9
  3964 | D:5      | Entered Level 5 of the Dungeon
  4114 | D:5      | Reached skill level 9 in Crossbows
  4167 | D:5      | Reached XP level 8. HP: 31/63 MP: 9/11
  5012 | D:6      | Found Lompiukk's General Store.
  5020 | D:6      | Found Utyejon's Armour Shop.
  5654 | D:6      | Reached XP level 9. HP: 69/69 MP: 13/13
  5678 | D:6      | Found a staircase to the Ecumenical Temple.
  5778 | D:6      | Found Hitige's Weapon Shoppe.
  5836 | Temple   | Entered the Ecumenical Temple
  5856 | Temple   | Became a worshipper of Ru the Awakened
  6178 | D:7      | Found a sand-covered staircase.
  6178 | D:7      | Noticed Pikel
  6207 | D:7      | Killed Pikel
  6214 | Ossuary  | Entered an ossuary
  6433 | Ossuary  | Reached skill level 5 in Stealth
  6820 | D:7      | Identified the +0 robe "Damop" {rF+ Int+3 Slay-3}
  6849 | D:7      | Learned a level 1 spell: Sting
  6875 | D:7      | Learned a level 1 spell: Apportation
  6901 | D:7      | HP: 2/71 [wyvern (6)]
  7378 | D:7      | HP: 1/71 [wyvern (11)]
  7380 | D:7      | Reached skill level 5 in Invocations
  8203 | D:7      | Learned a level 2 spell: Blink
  8206 | D:7      | Learned a level 2 spell: Poisonous Vapours
  8209 | D:7      | Learned a level 2 spell: Sublimation of Blood
  8316 | D:7      | Gained mutation: You cannot be stealthy. [Ru sacrifice]
  8501 | D:8      | Reached XP level 10. HP: 59/77 MP: 15/15
  8699 | D:8      | Found a white marble altar of Elyvilon.
  9075 | D:8      | Reached skill level 5 in Short Blades
  9075 | D:8      | Reached skill level 5 in Long Blades
  9075 | D:8      | Reached skill level 5 in Axes
  9075 | D:8      | Reached skill level 5 in Maces & Flails
  9075 | D:8      | Reached skill level 5 in Polearms
  9075 | D:8      | Reached skill level 5 in Staves
  9075 | D:8      | Reached skill level 5 in Slings
  9075 | D:8      | Reached skill level 5 in Bows
  9075 | D:8      | Reached skill level 5 in Throwing
  9075 | D:8      | Reached skill level 5 in Armour
  9075 | D:8      | Reached skill level 5 in Shields
  9075 | D:8      | Reached skill level 5 in Unarmed Combat
  9075 | D:8      | Reached skill level 5 in Spellcasting
  9075 | D:8      | Reached skill level 5 in Evocations
  9516 | D:8      | Killed from afar by an electric eel

Illustrated notes

Levels and vault maps discovered:
D:1:      tarquinn_simple_flora_water_f, layout_basic,
          ebering_ecumenical_altar_petrified, minmay_split_cup_large
D:2:      layout_loops_ring, uniq_crazy_yiuf_cottage
D:3:      layout_rooms, gup_sewer_entry_spiral
D:4:      layout_loops_cross
D:5:      layout_cave_pools
D:6:      layout_loops_ring, minmay_temple_entry_fiery, serial_shops,
          nicolae_diamond_shop, shop, nicolae_shop_hallway_stairs,
          kennysheep_generic_room_12
D:7:      layout_loops_ring, enter_ossuary_3, uniq_pikel
D:8:      layout_basic, elyvilon_altar_1, serial_bayou, serial_bayou_pond_d,
          serial_bayou_shore_a, serial_bayou_shore_b, serial_bayou_shore_b
Temple:   minmay_crystal_snake_temple

Skill      XL: |  1  2  3  4  5  6  7  8  9 10 |
---------------+-------------------------------+-----
Invocations    | 1 2 3 4 5 |  5.5
Short Blades   | 1 2 3 4 5 |  5.0
Long Blades    | 1 2 3 4 5 |  5.0
Axes           | 1 2 3 4 5 |  5.0
Maces & Flails | 1 2 3 4 5 |  5.0
Polearms       | 1 2 3 4 5 |  5.0
Staves         | 1 2 3 4 5 |  5.0
Slings         | 1 2 3 4 5 |  5.0
Bows           | 1 2 3 4 5 |  5.0
Throwing       | 1 2 3 4 5 |  5.0
Armour         | 1 2 3 4 5 |  5.0
Shields        | 1 2 3 4 5 |  5.0
Unarmed Combat | 1 2 3 4 5 |  5.0
Spellcasting   | 1 2 3 4 5 |  5.0
Evocations     | 1 2 3 4 5 |  5.0
Conjurations   | 1 2 3 4 |  4.1
Hexes          | 1 2 3 4 |  4.1
Summonings     | 1 2 3 4 |  4.1
Necromancy     | 1 2 3 4 |  4.1
Translocations | 1 2 3 4 |  4.1
Transmutations | 1 2 3 4 |  4.1
Fire Magic     | 1 2 3 4 |  4.1
Ice Magic      | 1 2 3 4 |  4.1
Air Magic      | 1 2 3 4 |  4.1
Earth Magic    | 1 2 3 4 |  4.1
Poison Magic   | 1 2 3 4 |  4.1
Stealth        | 3 4 0 |  0.0
Fighting       | 5 6 |  6.9
Dodging        | 5 6 |  6.9
Crossbows      | 9 |  9.9

Action                   |  1- 3 |  4- 6 |  7- 9 | 10-12 || total
-------------------------+-------+-------+-------+-------++-------
Melee: Hand crossbow     |    16 |       |       |     2 ||    18
       Bite              |    11 |     1 |     8 |       ||    20
       Dagger            |     9 |    16 |    63 |     5 ||    93
       Punch             |       |     1 |     2 |       ||     3
       Quarterstaff      |       |     4 |    28 |     2 ||    34
 Fire: Hand crossbow     |    82 |   207 |   367 |    69 ||   725
 Cast: Sting             |       |       |     4 |       ||     4
       Apportation       |       |       |     1 |       ||     1
Invok: Sacrifice Stealth |       |       |     1 |       ||     1
Evoke: Wand              |       |       |     6 |     3 ||     9
       Box of beasts     |       |       |       |     1 ||     1
  Use: Scroll            |     6 |     9 |     4 |     3 ||    22
       Potion            |     2 |     7 |     5 |     1 ||    15
 Stab: Sleeping          |       |     2 |     2 |       ||     4
Armor: Leather armour    |    13 |    26 |    75 |       ||   114
       Skin              |       |   124 |       |       ||   124
       Robe              |       |       |     9 |    13 ||    22
Dodge: Dodged            |    39 |    78 |   206 |    57 ||   380

Table legend: (Time is in decaauts)
 A = Elapsed time spent in this place.
 B = Non-inter-level travel time spent in this place.
 C = Inter-level travel time spent in this place.
 D = Time resting spent in this place.
 E = Time spent auto-exploring this place.
 F = Levels seen in this place.
 G = Mean time per level.
                   A        B        C        D        E       F      G
               +--------+--------+--------+--------+--------+-----+--------+
         Total |   9604 |   9211 |    393 |    438 |   7010 |  11 |  873.1 |
       Dungeon |   8374 |   8008 |    366 |    433 |   6184 |   8 | 1046.8 |
        Temple |    196 |    169 |     27 |      0 |    145 |   1 |  196.0 |
         Sewer |    633 |    633 |      0 |      5 |    438 |   1 |  633.0 |
       Ossuary |    400 |    400 |      0 |      0 |    243 |   1 |  400.0 |
               +--------+--------+--------+--------+--------+-----+--------+

Top non-repeatable levels by time:
     D:7: 1504 daAuts
     D:8: 1461 daAuts
     D:1: 1034 daAuts
     D:5: 1033 daAuts
     D:6: 954 daAuts
     D:2: 915 daAuts
     D:3: 748 daAuts
     D:4: 721 daAuts
   Sewer: 633 daAuts
 Ossuary: 400 daAuts
  Temple: 196 daAuts
